Map: 16-Bit LE

Players

ManlyManMeat - Winner!

  • Race: Terran Terran
  • Spawn Location: 1:00

VOD

Have the link to the VOD?

Description

Time

  • Played on: May 14, 2025, 3:52 a.m.
  • Length: 42:51
Show
View Real Time Build Order
Export as new Build Order

ManlyManMeat Terran - Winner!

Build Orders:  

Get SALT Encoding   

  12  0:05  SCV  
  12  0:20  Supply Depot  
  12  0:23  SCV  
  12  0:35  SCV  
  12  0:44  Barracks  
  12  0:47  SCV  
  12  0:56  Refinery  
  12  0:59  SCV  
  12  1:11  SCV  
  12  1:31  Orbital Command  
  12  1:41  Command Center  
  12  1:48  Barracks Reactor  
  12  2:00  Supply Depot  
  12  2:09  SCV  
  12  2:19  Refinery  
  12  2:21  Factory, SCV  
  12  2:24  Marine x2  
  12  2:29  Supply Depot  
  12  2:34  SCV  
  12  2:42  Marine  
  12  2:44  Marine  
  12  2:46  SCV  
  12  2:53  Orbital Command  
  12  3:06  Starport  
  12  3:12  Factory Tech Lab  
  12  3:17  SCV  
  12  3:20  SCV  
  12  3:22  Marine  
  12  3:23  Marine  
  12  3:29  SCV  
  12  3:30  Siege Tank  
  12  3:32  SCV  
  12  3:40  Marine  
  12  3:41  Marine  
  12  3:55  Engineering Bay  
  12  4:00  Engineering Bay  
  12  4:01  SCV x2  
  12  4:05  Siege Tank  
  12  4:07  Marine x2  
  12  4:13  SCV x2  
  12  4:21  Viking  
  12  4:24  Marine  
  12  4:25  Marine, SCV x2  
  12  4:30  Supply Depot  
  12  4:56  SCV x2  
  12  4:59  Refinery  
  12  5:00  Terran Infantry Weapons Level 1, Terran Infantry Armor Level 1, Refinery  
  12  5:02  Siege Tank  
  12  5:08  SCV x2  
  12  5:10  Starport Reactor  
  12  5:20  Supply Depot  
  12  5:21  Supply Depot  
  12  5:24  Barracks  
  12  5:25  Barracks  
  12  5:27  Marine  
  12  5:28  Marine  
  12  5:59  Medivac x2  
  12  6:00  Barracks, Siege Tank  
  12  6:01  Marine x2  
  12  6:09  Supply Depot  
  12  6:10  Supply Depot  
  12  6:22  SCV x2  
  12  6:25  Barracks Reactor x2  
  12  6:32  Medivac x2  
  12  6:34  Marine x2, SCV x2  
  12  6:52  Barracks  
  12  6:53  Barracks Tech Lab  
  12  6:55  Marine  
  12  6:56  Marine  
  12  6:58  Siege Tank  
  12  7:07  Hi-Sec Auto Tracking  
  12  7:09  Marine x4  
  12  7:13  Marauder, Marine x2  
  12  7:20  Supply Depot  
  12  7:21  Supply Depot  
  12  7:23  Viking  
  12  7:27  Marine  
  12  7:30  Stimpack  
  12  7:32  Marine x2  
  12  7:33  Marine x3  
  12  7:34  Marauder  
  12  7:39  Medivac  
  12  7:45  Siege Tank  
  12  7:50  Barracks Tech Lab  
  12  7:53  SCV x2  
  12  7:59  Marine  
  12  8:00  Marine x5  
  12  8:03  Marauder  
  12  8:06  Medivac  
  12  8:17  Siege Tank  
  12  10:21  Neosteel Armor  
Tags
 
Add a new tag
Caveats
  • Supply blocks, unpowered buildings, or Contaminate may cause inaccurate times.
  • Supply counts are checked every 10 seconds.